Map: Ulrena

Players

Worming

  • Race: Zerg Zerg
  • League: Diamond

Slayerz - Winner!

  • Race: Terran Terran
  • League: Diamond

VOD

Have the link to the VOD?

Description

Time

  • Played on: June 23, 2016, 5:38 a.m.
  • Length: 7:27
Show
View Real Time Build Order
Export as new Build Order

Worming Zerg 

Build Orders: Hatch First 

Get SALT Encoding   

  12  0:03  Drone  
  13  0:12  Overlord  
  13  0:19  Drone  
  14  0:31  Drone x2  
  17  0:35  Drone  
  17  0:46  Drone  
  18  0:57  Hatchery  
  18  1:01  Drone  
  18  1:04  Extractor  
  17  1:17  Spawning Pool  
  16  1:19  Drone  
  16  1:22  Drone  
  18  1:31  Drone  
  19  1:40  Overlord  
  19  1:54  Drone  
  20  2:04  Queen  
  20  2:05  Zergling x2  
  23  2:13  Metabolic Boost  
  23  2:14  Drone x2  
  25  2:20  Queen  
  29  2:22  Zergling x4  
  29  2:35  Drone x2  
  31  2:41  Roach Warren  
  30  2:51  Drone x2  
  32  3:09  Overlord x3  
  32  3:17  Extractor  
  32  3:18  Drone x3  
  33  3:24  Roach  
  33  3:25  Roach  
  36  3:28  Roach x2  
  40  3:39  Drone  
  43  3:48  Roach  
  43  3:49  Roach x4  
  43  3:51  Zergling x4  
  43  3:54  Overlord  
  53  4:04  Ravager  
  53  4:20  Pneumatized Carapace  
  53  4:23  Drone x8  
  62  4:31  Ravager  
  62  4:50  Ravager  
  62  4:51  Hatchery  
  62  4:54  Zergling x2  
  60  5:10  Spore Crawler  
  60  5:12  Spore Crawler  
  58  5:15  Lair  
  58  5:16  Drone x9  
  63  5:34  Drone x4  
  63  5:35  Drone  
  63  5:40  Queen  
  64  5:55  Drone x3  
  67  5:58  Drone  
  68  6:09  Evolution Chamber  
  68  6:11  Extractor  
  66  6:12  Drone  
  66  6:13  Drone x2  
  66  6:16  Overlord  
  66  6:17  Roach x2  
  73  6:30  Spine Crawler  
  73  6:32  Overlord  
  72  6:33  Roach  
  72  6:34  Spine Crawler  
  72  6:36  Overlord x2  
  72  6:38  Queen  
  74  6:50  Extractor  
  74  6:54  Drone x3  
  74  6:55  Roach  
  74  6:56  Zergling x12, Roach  
  87  7:06  Spore Crawler  
Show
View Real Time Build Order
Export as new Build Order

Slayerz Terran - Winner!

Build Orders: Liberator Opening 

Get SALT Encoding   

  12  0:00  SCV  
  13  0:13  SCV  
  14  0:18  Supply Depot  
  14  0:25  SCV  
  15  0:29  Refinery  
  15  0:39  SCV  
  16  0:45  Barracks  
  16  0:52  SCV  
  17  1:04  SCV  
  18  1:16  SCV  
  19  1:32  Orbital Command  
  19  1:39  Barracks Reactor  
  19  1:49  Command Center  
  19  1:58  Factory  
  19  2:01  SCV  
  20  2:10  Supply Depot  
  20  2:14  Marine  
  20  2:15  Marine  
  22  2:31  SCV  
  22  2:32  Marine  
  22  2:33  Marine  
  25  2:38  Refinery  
  25  2:46  Starport  
  25  2:47  Factory Tech Lab  
  25  2:50  Marine  
  26  2:58  Marine  
  26  2:59  SCV  
  29  3:06  Orbital Command  
  29  3:12  Marine  
  29  3:15  Siege Tank  
  32  3:28  Marine  
  32  3:30  Medivac  
  35  3:37  SCV  
  35  3:39  SCV  
  35  3:40  Supply Depot, Marine  
  38  3:46  Marine  
  39  3:49  Liberator, SCV  
  39  3:52  SCV  
  41  3:57  Marine  
  41  4:01  SCV  
  42  4:04  Marine  
  46  4:15  Marine  
  45  4:18  Supply Depot  
  45  4:22  Marine  
  46  4:33  Marine  
  46  4:34  Siege Tank  
  50  4:40  Barracks, Marine  
  50  4:41  Liberator, Barracks  
  50  4:42  Bunker  
  50  4:44  SCV  
  52  4:51  Marine  
  49  4:57  Marine  
  52  5:09  Marine  
  52  5:12  Siege Tank  
  56  5:15  Marine  
  58  5:21  SCV x2  
  58  5:26  Marine  
  60  5:31  Refinery  
  60  5:33  Marine  
  60  5:34  Supply Depot  
  61  5:42  Barracks Tech Lab  
  61  5:44  Barracks Reactor, Marine  
  62  5:55  Supply Depot  
  62  5:56  Marine  
  63  5:59  Supply Depot  
  63  6:00  Supply Depot  
  63  6:05  Marine  
  64  6:23  Marine x2  
  66  6:41  Starport Reactor, Marine x2  
  66  6:42  Marine x2  
  66  6:43  Marine  
  71  6:52  Command Center  
  71  6:54  Supply Depot  
  71  6:58  Engineering Bay, Marine  
  71  6:59  Marine  
  71  7:00  Engineering Bay, Marine x3  
Tags
 
Add a new tag
Caveats
  • Supply blocks, unpowered buildings, or Contaminate may cause inaccurate times.
  • Supply counts are checked every 10 seconds.